Rangers vs Penguins

Created - 5 février 2021 at 08:40

Goals
1 2 3 T
Rangers 1 0 4 5
Penguins 0 2 1 3
Shots
1 2 3 T
Rangers 23 7 12 42
Penguins 6 14 10 30

1st period

1. Rangers , Eric Staal 13 (Matt Duchene 22) at 12:33

Penalties :
Markus Granlund (PIT) for Hooking (Minor) at 6:58

2nd period

2. Penguins , Tyler Myers 1 (Brent Burns 21, Auston Matthews 24) at 4:05
3. Penguins , Sam Bennett 4 (Miro Heiskanen 13) at 13:57

Penalties :
Sam Bennett (PIT) for Interference (Minor) at 1:18, Erik Karlsson (NYR) for High sticking (Minor) at 18:28

3rd period

4. Penguins , Charlie Coyle 8 (Auston Matthews 25, Tomas Tatar 20) at 0:16 (PP)
5. Rangers , Pierre-Edouard Bellemare 5 (Matt Niskanen 10, Jack Roslovic 9) at 3:34
6. Rangers , Jason Spezza 10 (Jack Roslovic 10) at 16:41
7. Rangers , Jason Spezza 11 (Jack Roslovic 11, Rasmus Andersson 8) at 19:22
8. Rangers , Oskar Sundqvist 4 (Adam Pelech 7, Pierre-Edouard Bellemare 9) at 19:49 (Empty Net)

Penalties :
Patric Hornqvist (PIT) for Hooking (Minor) at 1:03

Goalie Stats

Alexandar Georgiev (NYR), 27 saves from 30 shots - (0,900), W, 5-1-1, 60:00 minutes
Tuukka Rask (PIT), 37 saves from 41 shots - (0,902), L, 14-12-0, 59:39 minutes

Players Stats for Rangers

Player Name              G  A  P  +/- PIM S  H  SB GA TA FO     MP     PP MP  PK MP  
------------------------------------------------------------------------------------
Adam Pelech              0  1  1   0  0   0  6  1  0  0  0/0    21:43   0:00   1:11 
Anton Stralman           0  0  0   2  0   0  0  1  0  1  0/0    15:46   2:19   0:00 
Brayden Schenn           0  0  0   0  0   3  3  0  2  0  0/1    20:53   3:09   0:33 
Eric Staal               1  0  1   0  0   4  0  0  1  1  2/3    18:02   2:48   0:00 
Erik Karlsson            0  0  0  -1  2   2  1  2  0  1  0/0    23:42   3:38   0:00 
Jack Roslovic            0  3  3   1  0   3  0  0  0  0  1/1    12:07   0:00   0:00 
Jason Spezza             2  0  2   1  0   4  0  0  0  0  3/12   12:07   0:00   0:00 
Justin Williams          0  0  0   0  0   2  2  2  0  1  1/4    18:02   2:48   0:00 
Kyle Connor              0  0  0   0  0   4  1  0  1  1  0/0    20:37   3:09   0:17 
Matt Duchene             0  1  1   0  0   2  1  0  2  0  11/26  18:23   3:09   0:00 
Matt Niskanen            0  1  1   2  0   0  1  1  2  0  0/0    18:50   2:19   0:37 
Nazem Kadri              0  0  0   0  0   5  3  0  0  1  10/18  19:59   2:48   0:00 
Nick Jensen              0  0  0   0  0   0  1  0  0  1  0/0     4:24   0:00   0:37 
Oskar Sundqvist          1  0  1   2  0   6  0  0  1  0  0/3    13:43   0:00   1:09 
Patrick Russell          0  0  0   2  0   0  0  0  0  1  0/0     7:59   0:00   0:16 
Pierre-Edouard Bellemare 1  1  2   2  0   3  0  0  0  0  4/7     8:48   0:00   1:05 
Rasmus Andersson         0  1  1   1  0   2  3  1  1  1  0/0    15:40   3:38   0:00 
Ron Hainsey              0  0  0   2  0   0  1  2  0  0  0/0    19:54   0:00   1:11 
Vinnie Hinostroza        0  0  0   1  0   2  0  0  1  0  0/0     7:32   0:00   0:16 

Players Stats for Penguins

Player Name              G  A  P  +/- PIM S  H  SB GA TA FO     MP     PP MP  PK MP  
------------------------------------------------------------------------------------
Auston Matthews          0  2  2  -1  0   1  1  0  2  0  20/35  22:17   1:06   3:39 
Brent Burns              0  1  1  -1  0   1  2  1  1  4  0/0    23:01   1:12   0:00 
Brian Boyle              0  0  0  -1  0   4  3  0  0  1  7/11   11:49   0:00   0:00 
Cale Makar               0  0  0  -2  0   2  1  0  0  0  0/0    13:46   1:12   0:00 
Charlie Coyle            1  0  1   0  0   1  1  0  0  0  2/4    18:11   1:06   0:00 
Dmitry Orlov             0  0  0  -1  0   2  1  1  0  1  0/0    20:47   0:36   2:11 
Jacob Larsson            0  0  0   0  0   0  1  0  0  0  0/0     4:43   0:00   3:46 
Jesperi Kotkaniemi       0  0  0  -1  0   2  1  0  0  0  1/2    12:05   0:00   0:01 
Joel Armia               0  0  0  -2  0   2  1  0  0  0  1/1    18:56   0:42   1:48 
Markus Granlund          0  0  0   1  2   0  1  0  0  1  0/0     6:12   0:00   0:00 
Michael Grabner          0  0  0  -1  0   0  0  0  1  0  1/1    15:27   0:00   3:33 
Mikael Granlund          0  0  0  -2  0   4  0  0  0  1  8/17   17:48   0:42   0:26 
Miro Heiskanen           0  1  1  -1  0   0  0  2  0  0  0/0    20:47   0:36   2:11 
Patric Hornqvist         0  0  0  -3  2   2  0  0  0  0  0/0    17:34   0:42   0:00 
Reid Boucher             0  0  0   1  0   0  1  0  0  0  0/0     6:08   0:00   0:00 
Sam Bennett              1  0  1   1  2   1  0  0  0  0  2/2     7:06   0:00   0:39 
Tim Schaller             0  0  0  -1  0   0  1  0  0  1  1/2    13:56   0:00   1:48 
Tomas Tatar              0  1  1  -1  0   4  2  1  5  2  0/0    18:38   1:06   0:00 
Tyler Myers              1  0  1   0  0   4  2  1  0  0  0/0    24:49   0:00   3:46 

3 Stars

1 - Jason Spezza (NYR)
2 - Pierre-Edouard Bellemare (NYR)
3 - Jack Roslovic (NYR)

Power Play

Rangers - 0 on 3 Attempt(s) - 0,00%
Penguins - 1 on 1 Attempt(s) - 100,00%

Penalty Kill

Rangers - 0 on 1 Attempt(s) - 0,00% - Score 0 goal in Penalty Kill
Penguins - 3 on 3 Attempt(s) - 100,00% - Score 0 goal in Penalty Kill

Team Stat

Rangers - Hits : 23 - Faceoff Wins : 32 - Blocked Shots : 10 - Penalty Minutes : 2
Penguins - Hits : 19 - Faceoff Wins : 43 - Blocked Shots : 6 - Penalty Minutes : 6

Official

Referees : Marc Joannette and Ben O'Quinn
Linesman : Tyson Baker and Jesse Marquis

Game Notes

Oskar Sundqvist has scored in a empty net!

Finance

Level 1 -- Attendance: 6000 (100,00%) -- Ticket Income 510 000 $
Level 2 -- Attendance: 5000 (100,00%) -- Ticket Income 300 000 $
Level 3 -- Attendance: 2000 (100,00%) -- Ticket Income 70 000 $
Level 4 -- Attendance: 3604 (90,10%) -- Ticket Income 72 080 $
Luxury Box -- Attendance: 990 (99,00%) -- Ticket Income 178 200 $
Game was played at the Consol Energy Center.
Total Attendance: 17594 (97,74%)
Total Ticket Income: 1 130 280 $
Other Income: 553 837 $
Total Income: 1 684 117 $

Rangers

5 vs 5 Forward 
   Center                   Left Wing                Right Wing               Time % Phy DF OF 
 1 Nazem Kadri              Kyle Connor              Brayden Schenn           35     0   1  4  
 2 Matt Duchene             Eric Staal               Justin Williams          32     0   2  3  
 3 Jason Spezza             Oskar Sundqvist          Jack Roslovic            23     0   2  3  
 4 Pierre-Edouard Bellemare Vinnie Hinostroza        Patrick Russell          10     0   4  1  

5 vs 5 Defense 
   Defense                  Defense                                           Time % Phy DF OF 
 1 Erik Karlsson            Adam Pelech                                       37     1   2  2  
 2 Matt Niskanen            Ron Hainsey                                       30     1   2  2  
 3 Rasmus Andersson         Anton Stralman                                    23     0   3  2  
 4 Ron Hainsey              Nick Jensen                                       10     1   2  2  

PowerPlay Forward 
   Center                   Left Wing                Right Wing               Time % Phy DF OF 
 1 Matt Duchene             Kyle Connor              Brayden Schenn           60     0   1  4  
 2 Nazem Kadri              Eric Staal               Justin Williams          40     0   1  4  

PowerPlay Defense
   Defense                  Defense                                           Time % Phy DF OF 
 1 Erik Karlsson            Rasmus Andersson                                  60     0   1  4  
 2 Matt Niskanen            Anton Stralman                                    40     0   1  4  

Penalty Kill 4 Players Forward 
   Center                   Wing                     Time % Phy DF OF 
 1 Pierre-Edouard Bellemare Oskar Sundqvist          60     0   5  0  
 2 Vinnie Hinostroza        Patrick Russell          40     0   5  0  

Penalty Kill 4 Players Defense
   Defense                  Defense                  Time % Phy DF OF 
 1 Adam Pelech              Ron Hainsey              60     0   5  0  
 2 Matt Niskanen            Nick Jensen              40     0   5  0  

Penalty Kill - 3 Players Forward 
   Forward                                           Time % Phy DF OF 
 1 Pierre-Edouard Bellemare                          60     0   5  0  
 2 Oskar Sundqvist                                   40     0   5  0  

Penalty Kill - 3 Players Defense
   Defense                  Defense                  Time % Phy DF OF 
 1 Adam Pelech              Ron Hainsey              60     0   5  0  
 2 Matt Niskanen            Nick Jensen              40     0   5  0  

4 vs 4 Forward 
   Center                   Wing                     Time % Phy DF OF 
 1 Matt Duchene             Kyle Connor              60     0   2  3  
 2 Eric Staal               Oskar Sundqvist          40     0   2  3  

4 vs 4 Defense
   Defense                  Defense                  Time % Phy DF OF 
 1 Ron Hainsey              Adam Pelech              60     0   2  3  
 2 Matt Niskanen            Rasmus Andersson         40     0   2  3  

Last Minutes Offensive
   Center                   Left Wing                Right Wing               Defense                  Defense                  
   Eric Staal               Kyle Connor              Brayden Schenn           Matt Niskanen            Erik Karlsson            

Last Minutes Defensive
   Center                   Left Wing                Right Wing               Defense                  Defense                  
   Pierre-Edouard Bellemare Patrick Russell          Oskar Sundqvist          Ron Hainsey              Adam Pelech              

Goaltenders
Starting : Alexandar Georgiev       
Backup : Philipp Grubauer         

Extra Forwards
Normal : Matt Duchene, Eric Staal, Kyle Connor - PP : Nazem Kadri, Oskar Sundqvist - PK : Pierre-Edouard Bellemare
Extra Defensemen
Normal : Matt Niskanen, Adam Pelech, Erik Karlsson - PP : Matt Niskanen - PK : Anton Stralman, Ron Hainsey
Penalty Shots
Kyle Connor, Jason Spezza, Nazem Kadri, Justin Williams, Vinnie Hinostroza
Custom OT Lines Forwards
Eric Staal, Kyle Connor, Brayden Schenn, Jason Spezza, Matt Duchene, Justin Williams, Pierre-Edouard Bellemare, Vinnie Hinostroza, Oskar Sundqvist, Jack Roslovic
Custom OT Lines Defensemen
Erik Karlsson, Adam Pelech, Matt Niskanen, Ron Hainsey, Anton Stralman

Scratches
Anthony Bitetto (Healthy), Chandler Stephenson (Severed Right Wrist Tendon Injury)

Penguins

5 vs 5 Forward 
   Center                   Left Wing                Right Wing               Time % Phy DF OF 
 1 Auston Matthews          Tomas Tatar              Charlie Coyle            38     1   2  2  
 2 Mikael Granlund          Patric Hornqvist         Joel Armia               33     1   2  2  
 3 Brian Boyle              Michael Grabner          Jesperi Kotkaniemi       20     1   2  2  
 4 Sam Bennett              Reid Boucher             Markus Granlund          9      1   2  2  

5 vs 5 Defense 
   Defense                  Defense                                           Time % Phy DF OF 
 1 Brent Burns              Tyler Myers                                       40     1   2  2  
 2 Miro Heiskanen           Dmitry Orlov                                      35     1   2  2  
 3 Cale Makar               Tim Schaller                                      25     1   2  2  
 4 Jacob Larsson            Brent Burns                                       0      1   2  2  

PowerPlay Forward 
   Center                   Left Wing                Right Wing               Time % Phy DF OF 
 1 Auston Matthews          Tomas Tatar              Charlie Coyle            60     0   1  4  
 2 Mikael Granlund          Patric Hornqvist         Joel Armia               40     0   1  4  

PowerPlay Defense
   Defense                  Defense                                           Time % Phy DF OF 
 1 Brent Burns              Cale Makar                                        60     1   3  1  
 2 Miro Heiskanen           Dmitry Orlov                                      40     1   2  2  

Penalty Kill 4 Players Forward 
   Center                   Wing                     Time % Phy DF OF 
 1 Auston Matthews          Michael Grabner          60     1   2  2  
 2 Tim Schaller             Joel Armia               40     1   2  2  

Penalty Kill 4 Players Defense
   Defense                  Defense                  Time % Phy DF OF 
 1 Jacob Larsson            Tyler Myers              60     1   4  0  
 2 Miro Heiskanen           Dmitry Orlov             40     1   4  0  

Penalty Kill - 3 Players Forward 
   Forward                                           Time % Phy DF OF 
 1 Tim Schaller                                      60     1   2  2  
 2 Tomas Tatar                                       40     1   2  2  

Penalty Kill - 3 Players Defense
   Defense                  Defense                  Time % Phy DF OF 
 1 Jacob Larsson            Tyler Myers              60     1   2  2  
 2 Miro Heiskanen           Dmitry Orlov             40     1   2  2  

4 vs 4 Forward 
   Center                   Wing                     Time % Phy DF OF 
 1 Auston Matthews          Tomas Tatar              60     1   2  2  
 2 Charlie Coyle            Patric Hornqvist         40     1   2  2  

4 vs 4 Defense
   Defense                  Defense                  Time % Phy DF OF 
 1 Brent Burns              Tyler Myers              60     1   2  2  
 2 Miro Heiskanen           Dmitry Orlov             40     1   2  2  

Last Minutes Offensive
   Center                   Left Wing                Right Wing               Defense                  Defense                  
   Auston Matthews          Tomas Tatar              Patric Hornqvist         Brent Burns              Cale Makar               

Last Minutes Defensive
   Center                   Left Wing                Right Wing               Defense                  Defense                  
   Auston Matthews          Tim Schaller             Michael Grabner          Miro Heiskanen           Tyler Myers              

Goaltenders
Starting : Tuukka Rask              
Backup : Jack Campbell            

Extra Forwards
Normal : Michael Grabner, Reid Boucher, Sam Bennett - PP : Michael Grabner, Reid Boucher - PK : Sam Bennett
Extra Defensemen
Normal : Cale Makar, Tim Schaller, Brian Boyle - PP : Cale Makar - PK : Tim Schaller, Brian Boyle
Penalty Shots
Brent Burns, Auston Matthews, Tomas Tatar, Charlie Coyle, Patric Hornqvist
Custom OT Lines Forwards
Auston Matthews, Patric Hornqvist, Tomas Tatar, Charlie Coyle, Mikael Granlund, Joel Armia, Jesperi Kotkaniemi, Reid Boucher, Brian Boyle, Michael Grabner
Custom OT Lines Defensemen
Brent Burns, Tyler Myers, Miro Heiskanen, Dmitry Orlov, Cale Makar

Scratches
Mikkel Boedker (Healthy), Roman Polak (Left Ankle Injury)

% Time on Ice - Rangers

Lines # - Real PCT - Wanted PCT - Time Play
Normal Forward
1 - 33% - 35% - 17:11
2 - 29% - 32% - 15:14
3 - 23% - 23% - 12:07
4 - 14% - 10% - 7:16
Normal Defense
1 - 39% - 37% - 20:05
2 - 31% - 30% - 15:54
3 - 23% - 23% - 12:02
4 - 7% - 10% - 3:47
PP Forward
1 - 53% - 60% - 3:09
2 - 47% - 40% - 2:48
PP Defense
1 - 61% - 60% - 3:38
2 - 39% - 40% - 2:19
PK Forward
1 - 85% - 60% - 1:32
2 - 15% - 40% - 0:16
PK Defense
1 - 66% - 60% - 1:11
2 - 34% - 40% - 0:37
PK3 Forward
1 - 0% - 60%
2 - 0% - 40%
PK3 Defense
1 - 0% - 60%
2 - 0% - 40%
44 Forward
1 - 0% - 60%
2 - 0% - 40%
44 Defense
1 - 0% - 60%
2 - 0% - 40%
Last Minute Offensive  - 0:00
Last Minute Defensive  - 0:27
Total
Forward - 60:00
Defense - 60:00

% Time on Ice - Penguins

Lines # - Real PCT - Wanted PCT - Time Play
Normal Forward
1 - 34% - 38% - 17:25
2 - 32% - 33% - 16:26
3 - 23% - 20% - 11:49
4 - 12% - 9% - 6:08
Normal Defense
1 - 41% - 40% - 21:03
2 - 35% - 35% - 18:00
3 - 23% - 25% - 12:07
4 - 1% - 0% - 0:38
PP Forward
1 - 61% - 60% - 1:06
2 - 39% - 40% - 0:42
PP Defense
1 - 67% - 60% - 1:12
2 - 33% - 40% - 0:36
PK Forward
1 - 70% - 60% - 4:09
2 - 30% - 40% - 1:48
PK Defense
1 - 63% - 60% - 3:46
2 - 37% - 40% - 2:11
PK3 Forward
1 - 0% - 60%
2 - 0% - 40%
PK3 Defense
1 - 0% - 60%
2 - 0% - 40%
44 Forward
1 - 0% - 60%
2 - 0% - 40%
44 Defense
1 - 0% - 60%
2 - 0% - 40%
Last Minute Offensive  - 0:27
Last Minute Defensive  - 0:00
Total
Forward - 60:00
Defense - 60:00

Play-by-Play

1st period


0:01 of 1st period - Nazem Kadri wins face-off versus Charlie Coyle in neutral zone.
0:26 of 1st period - Erik Karlsson is hit by Tyler Myers and loses puck.
0:37 of 1st period - Snap shot by Patric Hornqvist.
0:37 of 1st period - Stopped by Alexandar Georgiev without a rebound.
0:38 of 1st period - Michael Grabner wins face-off versus Jason Spezza in Rangers zone.
0:39 of 1st period - Wrist shot by Brian Boyle.
0:39 of 1st period - Shot Misses the Net.
1:09 of 1st period - Off-side.
1:10 of 1st period - Mikael Granlund wins face-off versus Pierre-Edouard Bellemare in neutral zone.
1:13 of 1st period - Slapshot by Joel Armia.
1:13 of 1st period - Stopped by Alexandar Georgiev without a rebound.
1:14 of 1st period - Nazem Kadri wins face-off versus Mikael Granlund in Rangers zone.
1:25 of 1st period - Wrist shot by Nazem Kadri.
1:25 of 1st period - Shot Misses the Net.
1:27 of 1st period - Wrist shot by Anton Stralman.
1:27 of 1st period - Deflect By Kyle Connor.
1:27 of 1st period - Shot Misses the Net.
1:27 of 1st period - Puck is out of play.
1:28 of 1st period - Auston Matthews wins face-off versus Matt Duchene in Penguins zone.
2:02 of 1st period - Snap shot by Kyle Connor.
2:02 of 1st period - Stopped by Tuukka Rask without a rebound.
2:03 of 1st period - Brian Boyle wins face-off versus Jason Spezza in Penguins zone.
2:28 of 1st period - Anton Stralman is hit by Tim Schaller and loses puck.
2:47 of 1st period - Slapshot by Erik Karlsson.
2:47 of 1st period - Shot Misses the Net.
2:49 of 1st period - Slapshot by Vinnie Hinostroza.
2:49 of 1st period - Stopped by Tuukka Rask without a rebound.
2:50 of 1st period - Pierre-Edouard Bellemare wins face-off versus Mikael Granlund in Penguins zone.
3:15 of 1st period - Reid Boucher is hit by Brayden Schenn and loses puck.
3:44 of 1st period - Snap shot by Jack Roslovic.
3:44 of 1st period - Stopped by Tuukka Rask without a rebound.
3:45 of 1st period - Auston Matthews wins face-off versus Oskar Sundqvist in Penguins zone.
4:00 of 1st period - Snap shot by Jack Roslovic.
4:00 of 1st period - Shot Blocked by Miro Heiskanen.
4:58 of 1st period - Snap shot by Auston Matthews.
4:58 of 1st period - Shot Misses the Net.
5:08 of 1st period - Snap shot by Jack Roslovic.
5:08 of 1st period - Stopped by Tuukka Rask with a rebound.
5:10 of 1st period - Slapshot by Oskar Sundqvist.
5:10 of 1st period - Stopped by Tuukka Rask without a rebound.
5:11 of 1st period - Eric Staal wins face-off versus Mikael Granlund in Penguins zone.
5:14 of 1st period - Snap shot by Matt Duchene.
5:14 of 1st period - Stopped by Tuukka Rask with a rebound.
5:19 of 1st period - Off-side.
5:20 of 1st period - Justin Williams wins face-off versus Mikael Granlund in neutral zone.
5:27 of 1st period - Wrist shot by Eric Staal.
5:27 of 1st period - Stopped by Tuukka Rask without a rebound.
5:28 of 1st period - Nazem Kadri wins face-off versus Auston Matthews in Penguins zone.
5:39 of 1st period - Snap shot by Kyle Connor.
5:39 of 1st period - Stopped by Tuukka Rask with a rebound.
5:41 of 1st period - Snap shot by Brayden Schenn.
5:41 of 1st period - Stopped by Tuukka Rask with a rebound.
6:05 of 1st period - Backhand shot by Auston Matthews.
6:05 of 1st period - Deflect By Tomas Tatar.
6:05 of 1st period - Stopped by Alexandar Georgiev without a rebound.
6:06 of 1st period - Joel Armia wins face-off versus Matt Duchene in Rangers zone.
6:13 of 1st period - Slapshot by Mikael Granlund.
6:13 of 1st period - Stopped by Alexandar Georgiev with a rebound.
6:15 of 1st period - Snap shot by Joel Armia.
6:15 of 1st period - Stopped by Alexandar Georgiev with a rebound.
6:23 of 1st period - Eric Staal is hit by Brent Burns and loses puck.
6:34 of 1st period - Michael Grabner is hit by Nick Jensen and loses puck.
6:56 of 1st period - Snap shot by Pierre-Edouard Bellemare.
6:56 of 1st period - Stopped by Tuukka Rask with a rebound.
6:58 of 1st period - Minor Penalty to Markus Granlund for Hooking.
6:59 of 1st period - Auston Matthews wins face-off versus Matt Duchene in Penguins zone.
7:12 of 1st period - Wrist shot by Auston Matthews.
7:12 of 1st period - Shot Misses the Net.
7:34 of 1st period - Snap shot by Nazem Kadri.
7:34 of 1st period - Stopped by Tuukka Rask without a rebound.
7:35 of 1st period - Tim Schaller wins face-off versus Matt Duchene in Penguins zone.
8:00 of 1st period - Tim Schaller is hit by Nazem Kadri.
8:04 of 1st period - Snap shot by Nazem Kadri.
8:04 of 1st period - Shot Misses the Net.
8:06 of 1st period - Slapshot by Rasmus Andersson.
8:06 of 1st period - Shot Blocked by Dmitry Orlov.
8:08 of 1st period - Backhand shot by Rasmus Andersson.
8:08 of 1st period - Stopped by Tuukka Rask with a rebound.
8:10 of 1st period - Wrist shot by Eric Staal.
8:10 of 1st period - Shot Misses the Net.
8:12 of 1st period - Slapshot by Erik Karlsson.
8:12 of 1st period - Shot Blocked by Miro Heiskanen.
8:58 of 1st period - Penalty to Markus Granlund is over, Markus Granlund is back on ice.
9:25 of 1st period - Slapshot by Jason Spezza.
9:25 of 1st period - Stopped by Tuukka Rask with a rebound.
9:47 of 1st period - Auston Matthews is hit by Justin Williams and loses puck.
9:55 of 1st period - Icing by Tim Schaller.
9:56 of 1st period - Pierre-Edouard Bellemare wins face-off versus Mikael Granlund in Penguins zone.
10:23 of 1st period - Wrist shot by Michael Grabner.
10:23 of 1st period - Shot Blocked by Adam Pelech.
10:29 of 1st period - Wrist shot by Nazem Kadri.
10:29 of 1st period - Stopped by Tuukka Rask with a rebound.
10:42 of 1st period - Icing by Tim Schaller.
10:43 of 1st period - Matt Duchene wins face-off versus Brian Boyle in Penguins zone.
10:54 of 1st period - Snap shot by Matt Duchene.
10:54 of 1st period - Stopped by Tuukka Rask without a rebound.
10:55 of 1st period - Nazem Kadri wins face-off versus Auston Matthews in Penguins zone.
12:10 of 1st period - Wrist shot by Vinnie Hinostroza.
12:10 of 1st period - Stopped by Tuukka Rask without a rebound.
12:11 of 1st period - Auston Matthews wins face-off versus Nazem Kadri in Penguins zone.
12:20 of 1st period - Snap shot by Kyle Connor.
12:20 of 1st period - Stopped by Tuukka Rask without a rebound.
12:21 of 1st period - Nazem Kadri wins face-off versus Auston Matthews in Penguins zone.
12:29 of 1st period - Icing by Charlie Coyle.
12:30 of 1st period - Eric Staal wins face-off versus Auston Matthews in Penguins zone.
12:33 of 1st period - Wrist shot by Eric Staal.
12:33 of 1st period - Goal by Eric Staal - Rangers : 1 - Penguins : 0.
12:34 of 1st period - Auston Matthews wins face-off versus Matt Duchene in neutral zone.
12:37 of 1st period - Justin Williams is hit by Tyler Myers and loses puck.
13:06 of 1st period - Snap shot by Brayden Schenn.
13:06 of 1st period - Stopped by Tuukka Rask without a rebound.
13:07 of 1st period - Mikael Granlund wins face-off versus Nazem Kadri in Penguins zone.
13:13 of 1st period - Off-side.
13:14 of 1st period - Nazem Kadri wins face-off versus Mikael Granlund in neutral zone.
13:21 of 1st period - Patric Hornqvist is hit by Adam Pelech and loses puck.
13:39 of 1st period - Joel Armia is hit by Nazem Kadri and loses puck.
13:46 of 1st period - Wrist shot by Kyle Connor.
13:46 of 1st period - Shot Misses the Net.
14:06 of 1st period - Snap shot by Nazem Kadri.
14:06 of 1st period - Shot Misses the Net.
14:14 of 1st period - Wrist shot by Nazem Kadri.
14:14 of 1st period - Stopped by Tuukka Rask without a rebound.
14:15 of 1st period - Auston Matthews wins face-off versus Matt Duchene in Penguins zone.
14:42 of 1st period - Michael Grabner is hit by Adam Pelech and loses puck.
14:47 of 1st period - Slapshot by Jason Spezza.
14:47 of 1st period - Stopped by Tuukka Rask without a rebound.
14:48 of 1st period - Jesperi Kotkaniemi wins face-off versus Jason Spezza in Penguins zone.
15:01 of 1st period - Ron Hainsey is hit by Cale Makar and loses puck.
15:13 of 1st period - Off-side.
15:14 of 1st period - Auston Matthews wins face-off versus Justin Williams in neutral zone.
15:39 of 1st period - Brent Burns is hit by Rasmus Andersson and loses puck.
16:57 of 1st period - Snap shot by Pierre-Edouard Bellemare.
16:57 of 1st period - Stopped by Tuukka Rask without a rebound.
16:58 of 1st period - Mikael Granlund wins face-off versus Matt Duchene in Penguins zone.
17:46 of 1st period - Oskar Sundqvist is hit by Jacob Larsson and loses puck.
18:09 of 1st period - Patrick Russell is hit by Brian Boyle.
18:59 of 1st period - Wrist shot by Mikael Granlund.
18:59 of 1st period - Shot Blocked by Rasmus Andersson.
19:11 of 1st period - Wrist shot by Jack Roslovic.
19:11 of 1st period - Deflect By Oskar Sundqvist.
19:11 of 1st period - Stopped by Tuukka Rask without a rebound.
19:12 of 1st period - Auston Matthews wins face-off versus Jason Spezza in Penguins zone.
19:17 of 1st period - Snap shot by Auston Matthews.
19:17 of 1st period - Shot Misses the Net.
19:19 of 1st period - Wrist shot by Tomas Tatar.
19:19 of 1st period - Stopped by Alexandar Georgiev without a rebound.
19:20 of 1st period - Matt Duchene wins face-off versus Auston Matthews in Rangers zone.
19:57 of 1st period - Snap shot by Mikael Granlund.
19:57 of 1st period - Shot Blocked by Erik Karlsson.
19:59 of 1st period - Slapshot by Brent Burns.
19:59 of 1st period - Shot Misses the Net.
Goals for this period are 1 for Rangers vs 0 for Penguins.
Shots for this period are 23 for Rangers vs 6 for Penguins.

2nd period


0:01 of 2nd period - Matt Duchene wins face-off versus Auston Matthews in neutral zone.
0:04 of 2nd period - Auston Matthews is hit by Matt Niskanen and loses puck.
0:27 of 2nd period - Joel Armia is hit by Brayden Schenn and loses puck.
1:18 of 2nd period - Minor Penalty to Sam Bennett for Interference.
1:19 of 2nd period - Auston Matthews wins face-off versus Nazem Kadri in Penguins zone.
1:29 of 2nd period - Slapshot by Michael Grabner.
1:29 of 2nd period - Deflect By Justin Williams.
1:29 of 2nd period - Shot Misses the Net.
1:29 of 2nd period - Puck is out of play.
1:30 of 2nd period - Matt Duchene wins face-off versus Auston Matthews in Rangers zone.
2:00 of 2nd period - Icing by Brayden Schenn.
2:01 of 2nd period - Matt Duchene wins face-off versus Tim Schaller in Rangers zone.
2:40 of 2nd period - Jacob Larsson is hit by Rasmus Andersson and loses puck.
2:57 of 2nd period - Michael Grabner is hit by Kyle Connor and loses puck.
3:18 of 2nd period - Penalty to Sam Bennett is over, Sam Bennett is back on ice.
3:24 of 2nd period - Slapshot by Mikael Granlund.
3:24 of 2nd period - Shot Misses the Net.
3:32 of 2nd period - Backhand shot by Mikael Granlund.
3:32 of 2nd period - Stopped by Alexandar Georgiev without a rebound.
3:33 of 2nd period - Mikael Granlund wins face-off versus Jason Spezza in Rangers zone.
3:36 of 2nd period - Snap shot by Mikael Granlund.
3:36 of 2nd period - Stopped by Alexandar Georgiev without a rebound.
3:37 of 2nd period - Mikael Granlund wins face-off versus Jason Spezza in Rangers zone.
3:42 of 2nd period - Snap shot by Mikael Granlund.
3:42 of 2nd period - Shot Misses the Net.
3:44 of 2nd period - Wrist shot by Mikael Granlund.
3:44 of 2nd period - Shot Blocked by Ron Hainsey.
3:46 of 2nd period - Slapshot by Tyler Myers.
3:46 of 2nd period - Deflect By Ron Hainsey.
3:46 of 2nd period - Stopped by Alexandar Georgiev with a rebound.
3:48 of 2nd period - Snap shot by Tyler Myers.
3:48 of 2nd period - Stopped by Alexandar Georgiev without a rebound.
3:49 of 2nd period - Matt Duchene wins face-off versus Auston Matthews in Rangers zone.
3:56 of 2nd period - Auston Matthews is hit by Adam Pelech and loses puck.
4:03 of 2nd period - Slapshot by Brent Burns.
4:03 of 2nd period - Shot Misses the Net.
4:05 of 2nd period - Slapshot by Tyler Myers.
4:05 of 2nd period - Goal by Tyler Myers - Rangers : 1 - Penguins : 1.
4:06 of 2nd period - Matt Duchene wins face-off versus Auston Matthews in neutral zone.
4:31 of 2nd period - Brent Burns is hit by Nazem Kadri and loses puck.
4:38 of 2nd period - Snap shot by Nazem Kadri.
4:38 of 2nd period - Stopped by Tuukka Rask without a rebound.
4:39 of 2nd period - Mikael Granlund wins face-off versus Matt Duchene in Penguins zone.
5:05 of 2nd period - Kyle Connor is hit by Dmitry Orlov and loses puck.
5:13 of 2nd period - Off-side.
5:14 of 2nd period - Nazem Kadri wins face-off versus Jesperi Kotkaniemi in neutral zone.
5:25 of 2nd period - Brent Burns is hit by Brayden Schenn and loses puck.
5:44 of 2nd period - Off-side.
5:45 of 2nd period - Charlie Coyle wins face-off versus Justin Williams in neutral zone.
5:48 of 2nd period - Eric Staal is hit by Auston Matthews and loses puck.
5:59 of 2nd period - Snap shot by Tomas Tatar.
5:59 of 2nd period - Stopped by Alexandar Georgiev with a rebound.
6:01 of 2nd period - Snap shot by Auston Matthews.
6:01 of 2nd period - Shot Misses the Net.
6:05 of 2nd period - Snap shot by Auston Matthews.
6:05 of 2nd period - Deflect By Charlie Coyle.
6:05 of 2nd period - Shot Misses the Net.
6:05 of 2nd period - Puck is out of play.
6:06 of 2nd period - Mikael Granlund wins face-off versus Nazem Kadri in Rangers zone.
6:27 of 2nd period - Tim Schaller is hit by Adam Pelech and loses puck.
6:34 of 2nd period - Wrist shot by Nazem Kadri.
6:34 of 2nd period - Stopped by Tuukka Rask with a rebound.
7:08 of 2nd period - Wrist shot by Patric Hornqvist.
7:08 of 2nd period - Shot Misses the Net.
7:10 of 2nd period - Snap shot by Mikael Granlund.
7:10 of 2nd period - Stopped by Alexandar Georgiev without a rebound.
7:11 of 2nd period - Matt Duchene wins face-off versus Charlie Coyle in Rangers zone.
7:11 of 2nd period - Matt Duchene is hit by Tomas Tatar.
7:27 of 2nd period - Wrist shot by Eric Staal.
7:27 of 2nd period - Shot Blocked by Tyler Myers.
8:22 of 2nd period - Slapshot by Brian Boyle.
8:22 of 2nd period - Stopped by Alexandar Georgiev without a rebound.
8:23 of 2nd period - Sam Bennett wins face-off versus Justin Williams in Rangers zone.
8:24 of 2nd period - Wrist shot by Reid Boucher.
8:24 of 2nd period - Shot Misses the Net.
8:42 of 2nd period - Slapshot by Matt Duchene.
8:42 of 2nd period - Deflect By Justin Williams.
8:42 of 2nd period - Stopped by Tuukka Rask with a rebound.
8:50 of 2nd period - Jesperi Kotkaniemi is hit by Erik Karlsson and loses puck.
9:31 of 2nd period - Snap shot by Jack Roslovic.
9:31 of 2nd period - Deflect By Oskar Sundqvist.
9:31 of 2nd period - Stopped by Tuukka Rask with a rebound.
9:33 of 2nd period - Snap shot by Jason Spezza.
9:33 of 2nd period - Shot Blocked by Tomas Tatar.
9:35 of 2nd period - Slapshot by Nick Jensen.
9:35 of 2nd period - Shot Misses the Net.
10:33 of 2nd period - Snap shot by Jack Roslovic.
10:33 of 2nd period - Shot Misses the Net.
10:35 of 2nd period - Slapshot by Rasmus Andersson.
10:35 of 2nd period - Stopped by Tuukka Rask without a rebound.
10:36 of 2nd period - Brian Boyle wins face-off versus Matt Duchene in Penguins zone.
12:22 of 2nd period - Off-side.
12:23 of 2nd period - Mikael Granlund wins face-off versus Matt Duchene in neutral zone.
13:01 of 2nd period - Wrist shot by Eric Staal.
13:01 of 2nd period - Stopped by Tuukka Rask without a rebound.
13:02 of 2nd period - Auston Matthews wins face-off versus Oskar Sundqvist in Penguins zone.
13:37 of 2nd period - Slapshot by Cale Makar.
13:37 of 2nd period - Stopped by Alexandar Georgiev with a rebound.
13:39 of 2nd period - Slapshot by Michael Grabner.
13:39 of 2nd period - Shot Blocked by Erik Karlsson.
13:41 of 2nd period - Wrist shot by Brian Boyle.
13:41 of 2nd period - Shot Misses the Net.
13:43 of 2nd period - Slapshot by Brian Boyle.
13:43 of 2nd period - Stopped by Alexandar Georgiev with a rebound.
13:55 of 2nd period - Backhand shot by Sam Bennett.
13:55 of 2nd period - Shot Misses the Net.
13:57 of 2nd period - Wrist shot by Sam Bennett.
13:57 of 2nd period - Goal by Sam Bennett - Rangers : 1 - Penguins : 2.
13:58 of 2nd period - Matt Duchene wins face-off versus Auston Matthews in neutral zone.
14:13 of 2nd period - Wrist shot by Matt Duchene.
14:13 of 2nd period - Deflect By Justin Williams.
14:13 of 2nd period - Shot Misses the Net.
14:13 of 2nd period - Puck is out of play.
14:14 of 2nd period - Nazem Kadri wins face-off versus Mikael Granlund in Penguins zone.
14:17 of 2nd period - Wrist shot by Brayden Schenn.
14:17 of 2nd period - Stopped by Tuukka Rask with a rebound.
14:39 of 2nd period - Charlie Coyle is hit by Matt Duchene and loses puck.
15:07 of 2nd period - Icing by Jesperi Kotkaniemi.
15:08 of 2nd period - Brian Boyle wins face-off versus Nazem Kadri in Penguins zone.
15:15 of 2nd period - Snap shot by Brian Boyle.
15:15 of 2nd period - Shot Misses the Net.
15:17 of 2nd period - Snap shot by Michael Grabner.
15:17 of 2nd period - Shot Blocked by Matt Niskanen.
15:19 of 2nd period - Slapshot by Brent Burns.
15:19 of 2nd period - Stopped by Alexandar Georgiev without a rebound.
15:20 of 2nd period - Auston Matthews wins face-off versus Matt Duchene in Rangers zone.
15:35 of 2nd period - Wrist shot by Tomas Tatar.
15:35 of 2nd period - Stopped by Alexandar Georgiev without a rebound.
15:36 of 2nd period - Nazem Kadri wins face-off versus Mikael Granlund in Rangers zone.
16:03 of 2nd period - Eric Staal is hit by Jesperi Kotkaniemi and loses puck.
16:14 of 2nd period - Slapshot by Tyler Myers.
16:14 of 2nd period - Shot Misses the Net.
16:16 of 2nd period - Wrist shot by Tyler Myers.
16:16 of 2nd period - Stopped by Alexandar Georgiev without a rebound.
16:17 of 2nd period - Auston Matthews wins face-off versus Jason Spezza in Rangers zone.
16:42 of 2nd period - Patric Hornqvist is hit by Rasmus Andersson and loses puck.
17:11 of 2nd period - Wrist shot by Kyle Connor.
17:11 of 2nd period - Shot Misses the Net.
17:17 of 2nd period - Wrist shot by Nazem Kadri.
17:17 of 2nd period - Shot Misses the Net.
17:37 of 2nd period - Wrist shot by Pierre-Edouard Bellemare.
17:37 of 2nd period - Shot Misses the Net.
17:49 of 2nd period - Anton Stralman is hit by Tomas Tatar and loses puck.
18:28 of 2nd period - Minor Penalty to Erik Karlsson for High sticking.
18:29 of 2nd period - Pierre-Edouard Bellemare wins face-off versus Auston Matthews in Rangers zone.
18:36 of 2nd period - Slapshot by Adam Pelech.
18:36 of 2nd period - Shot Blocked by Brent Burns.
Goals for this period are 0 for Rangers vs 2 for Penguins.
Shots for this period are 7 for Rangers vs 14 for Penguins.

3rd period


0:01 of 3rd period - Pierre-Edouard Bellemare wins face-off versus Auston Matthews in neutral zone.
0:14 of 3rd period - Snap shot by Auston Matthews.
0:14 of 3rd period - Shot Blocked by Ron Hainsey.
0:16 of 3rd period - Snap shot by Charlie Coyle.
0:16 of 3rd period - Goal by Charlie Coyle - Rangers : 1 - Penguins : 3.
0:17 of 3rd period - Nazem Kadri wins face-off versus Auston Matthews in neutral zone.
0:44 of 3rd period - Patric Hornqvist is hit by Adam Pelech and loses puck.
1:03 of 3rd period - Minor Penalty to Patric Hornqvist for Hooking.
1:04 of 3rd period - Auston Matthews wins face-off versus Matt Duchene in Penguins zone.
1:15 of 3rd period - Snap shot by Kyle Connor.
1:15 of 3rd period - Stopped by Tuukka Rask without a rebound.
1:16 of 3rd period - Matt Duchene wins face-off versus Auston Matthews in Penguins zone.
3:03 of 3rd period - Penalty to Patric Hornqvist is over, Patric Hornqvist is back on ice.
3:09 of 3rd period - Jack Roslovic is hit by Reid Boucher and loses puck.
3:30 of 3rd period - Wrist shot by Pierre-Edouard Bellemare.
3:30 of 3rd period - Shot Misses the Net.
3:32 of 3rd period - Slapshot by Matt Niskanen.
3:32 of 3rd period - Shot Misses the Net.
3:34 of 3rd period - Slapshot by Pierre-Edouard Bellemare.
3:34 of 3rd period - Goal by Pierre-Edouard Bellemare - Rangers : 2 - Penguins : 3.
3:35 of 3rd period - Auston Matthews wins face-off versus Nazem Kadri in neutral zone.
4:22 of 3rd period - Wrist shot by Jason Spezza.
4:22 of 3rd period - Shot Misses the Net.
4:24 of 3rd period - Snap shot by Oskar Sundqvist.
4:24 of 3rd period - Stopped by Tuukka Rask with a rebound.
4:26 of 3rd period - Wrist shot by Oskar Sundqvist.
4:26 of 3rd period - Shot Misses the Net.
4:28 of 3rd period - Snap shot by Oskar Sundqvist.
4:28 of 3rd period - Stopped by Tuukka Rask without a rebound.
4:29 of 3rd period - Charlie Coyle wins face-off versus Brayden Schenn in Penguins zone.
4:56 of 3rd period - Brent Burns is hit by Justin Williams and loses puck.
5:03 of 3rd period - Slapshot by Matt Duchene.
5:03 of 3rd period - Deflect By Eric Staal.
5:03 of 3rd period - Stopped by Tuukka Rask with a rebound.
5:05 of 3rd period - Snap shot by Justin Williams.
5:05 of 3rd period - Stopped by Tuukka Rask without a rebound.
5:06 of 3rd period - Auston Matthews wins face-off versus Matt Duchene in Penguins zone.
7:10 of 3rd period - Icing by Brent Burns.
7:11 of 3rd period - Jason Spezza wins face-off versus Brian Boyle in Penguins zone.
7:15 of 3rd period - Icing by Jesperi Kotkaniemi.
7:16 of 3rd period - Brian Boyle wins face-off versus Jason Spezza in Penguins zone.
7:16 of 3rd period - Brian Boyle is hit by Ron Hainsey.
7:41 of 3rd period - Snap shot by Jack Roslovic.
7:41 of 3rd period - Stopped by Tuukka Rask without a rebound.
7:42 of 3rd period - Auston Matthews wins face-off versus Nazem Kadri in Penguins zone.
7:47 of 3rd period - Kyle Connor is hit by Charlie Coyle and loses puck.
8:08 of 3rd period - Adam Pelech is hit by Markus Granlund and loses puck.
8:13 of 3rd period - Slapshot by Cale Makar.
8:13 of 3rd period - Deflect By Nazem Kadri.
8:13 of 3rd period - Stopped by Alexandar Georgiev without a rebound.
8:14 of 3rd period - Sam Bennett wins face-off versus Eric Staal in Rangers zone.
8:15 of 3rd period - Wrist shot by Cale Makar.
8:15 of 3rd period - Deflect By Reid Boucher.
8:15 of 3rd period - Shot Blocked by Justin Williams.
8:15 of 3rd period - Puck is out of play.
8:16 of 3rd period - Matt Duchene wins face-off versus Auston Matthews in Rangers zone.
10:32 of 3rd period - Jason Spezza is hit by Brent Burns and loses puck.
10:47 of 3rd period - Slapshot by Brent Burns.
10:47 of 3rd period - Shot Blocked by Justin Williams.
11:41 of 3rd period - Snap shot by Pierre-Edouard Bellemare.
11:41 of 3rd period - Shot Misses the Net.
11:49 of 3rd period - Ron Hainsey is hit by Brian Boyle and loses puck.
12:26 of 3rd period - Slapshot by Dmitry Orlov.
12:26 of 3rd period - Stopped by Alexandar Georgiev with a rebound.
12:28 of 3rd period - Snap shot by Auston Matthews.
12:28 of 3rd period - Stopped by Alexandar Georgiev without a rebound.
12:29 of 3rd period - Auston Matthews wins face-off versus Matt Duchene in Rangers zone.
13:48 of 3rd period - Wrist shot by Pierre-Edouard Bellemare.
13:48 of 3rd period - Deflect By Patrick Russell.
13:48 of 3rd period - Shot Misses the Net.
13:48 of 3rd period - Puck is out of play.
13:49 of 3rd period - Brian Boyle wins face-off versus Pierre-Edouard Bellemare in Penguins zone.
14:06 of 3rd period - Wrist shot by Brian Boyle.
14:06 of 3rd period - Deflect By Jesperi Kotkaniemi.
14:06 of 3rd period - Stopped by Alexandar Georgiev with a rebound.
14:25 of 3rd period - Slapshot by Cale Makar.
14:25 of 3rd period - Shot Misses the Net.
14:31 of 3rd period - Pierre-Edouard Bellemare is hit by Brian Boyle and loses puck.
14:39 of 3rd period - Off-side.
14:40 of 3rd period - Auston Matthews wins face-off versus Nazem Kadri in neutral zone.
15:36 of 3rd period - Wrist shot by Mikael Granlund.
15:36 of 3rd period - Shot Blocked by Anton Stralman.
16:02 of 3rd period - Snap shot by Auston Matthews.
16:02 of 3rd period - Shot Misses the Net.
16:39 of 3rd period - Wrist shot by Erik Karlsson.
16:39 of 3rd period - Deflect By Cale Makar.
16:39 of 3rd period - Stopped by Tuukka Rask without a rebound.
16:40 of 3rd period - Jason Spezza wins face-off versus Brian Boyle in Penguins zone.
16:41 of 3rd period - Snap shot by Jack Roslovic.
16:41 of 3rd period - Deflect By Jason Spezza.
16:41 of 3rd period - Goal by Jason Spezza - Rangers : 3 - Penguins : 3.
16:42 of 3rd period - Jack Roslovic wins face-off versus Brian Boyle in neutral zone.
16:49 of 3rd period - Slapshot by Erik Karlsson.
16:49 of 3rd period - Stopped by Tuukka Rask with a rebound.
17:10 of 3rd period - Wrist shot by Matt Duchene.
17:10 of 3rd period - Deflect By Justin Williams.
17:10 of 3rd period - Shot Misses the Net.
17:10 of 3rd period - Puck is out of play.
17:11 of 3rd period - Auston Matthews wins face-off versus Matt Duchene in Penguins zone.
17:41 of 3rd period - Patric Hornqvist is hit by Adam Pelech.
18:03 of 3rd period - Slapshot by Brian Boyle.
18:03 of 3rd period - Stopped by Alexandar Georgiev with a rebound.
18:05 of 3rd period - Snap shot by Brian Boyle.
18:05 of 3rd period - Shot Misses the Net.
18:07 of 3rd period - Wrist shot by Jesperi Kotkaniemi.
18:07 of 3rd period - Deflect By Brian Boyle.
18:07 of 3rd period - Stopped by Alexandar Georgiev with a rebound.
18:09 of 3rd period - Slapshot by Jesperi Kotkaniemi.
18:09 of 3rd period - Stopped by Alexandar Georgiev with a rebound.
18:45 of 3rd period - Snap shot by Patric Hornqvist.
18:45 of 3rd period - Stopped by Alexandar Georgiev without a rebound.
18:46 of 3rd period - Jason Spezza wins face-off versus Mikael Granlund in Rangers zone.
19:11 of 3rd period - Jason Spezza is hit by Joel Armia and loses puck.
19:22 of 3rd period - Snap shot by Jack Roslovic.
19:22 of 3rd period - Deflect By Jason Spezza.
19:22 of 3rd period - Goal by Jason Spezza - Rangers : 4 - Penguins : 3.
19:23 of 3rd period - Auston Matthews wins face-off versus Pierre-Edouard Bellemare in neutral zone.
19:28 of 3rd period - Penguins, Tuukka Rask is pulled from the net.
19:32 of 3rd period - Wrist shot by Auston Matthews.
19:32 of 3rd period - Shot Misses the Net.
19:49 of 3rd period - Snap shot by Oskar Sundqvist.
19:49 of 3rd period - Goal by Oskar Sundqvist - Rangers : 5 - Penguins : 3.
19:49 of 3rd period - Tuukka Rask from Penguins was sent back in the game.
19:50 of 3rd period - Brian Boyle wins face-off versus Oskar Sundqvist in neutral zone.
19:55 of 3rd period - Slapshot by Dmitry Orlov.
19:55 of 3rd period - Stopped by Alexandar Georgiev without a rebound.
19:56 of 3rd period - Brian Boyle wins face-off versus Jason Spezza in Rangers zone.
Goals for this period are 4 for Rangers vs 1 for Penguins.
Shots for this period are 12 for Rangers vs 10 for Penguins. Output by the SimonT Hockey Simulator (STHS) for Eric Tremblay - Original Page W3C HTML5 Valid
Hockey Simulator - Hockey Simulation - Hockey Manager